 Dungeon Crawl Stone Soup version 0.30.1-9-gdf580d7c3d (webtiles) character file.

Game seed: 4098402173117073098

1656 Peloso the Carver (level 8, -1/69 HPs)
             Began as a Minotaur Fighter on Oct 20, 2023.
             Killed by divine providence
             ... invoked by an orc priest
              (12 damage)
             ... on level 5 of the Dungeon.
             The game lasted 00:09:54 (4085 turns).

Peloso the Carver (Minotaur Fighter)                Turns: 4085, Time: 00:09:55

Health: -1/69      AC: 15    Str: 21    XL:     8   Next: 68%
Magic:  7/7        EV:  6    Int:  5    God:
Gold:   332        SH:  5    Dex: 12    Spells: 7/7 levels left

rFire   . . .        a - +0 long sword
rCold   . . .        d - +0 buckler
rNeg    + . .        y - +0 plate armour
rPois   .            (helmet restricted)
rElec   .            (no cloak)
rCorr   .            o - +0 pair of gloves
SInv    .            n - +0 pair of boots
Will    .....        (no amulet) Stlth
                     g - +4 ring of protection
HPRegen 0.31/turn    m - ring of positive energy
MPRegen 0.10/turn

%: no passive effects
@: corroded
A: horns 2, retaliatory headbutt
a: no special abilities


You were on level 5 of the Dungeon.
You visited 1 branch of the dungeon, and saw 5 of its levels.
You also visited: Sewer.

You collected 332 gold pieces.

Inventory:

Hand Weapons
 a - a +0 long sword (weapon)
 b - the +7 spear of Guilt {heavy, rElec rCorr Str+2 Dex-4}
   (You found it on level 4 of the Dungeon)

   Str:       It affects your strength (+2).
   Dex:       It affects your dexterity (-4).
   rElec:     It insulates you from electricity.
   rCorr:     It protects you from acid and corrosion.
Armour
 c - a +0 chain mail
 d - a +0 buckler (worn)
 n - a +0 pair of boots (worn)
 o - a +0 pair of gloves (worn)
 y - a +0 plate armour (worn)
Jewellery
 g - a +4 ring of protection (left hand)
 i - a +5 ring of evasion
 m - a ring of positive energy (right hand)
 p - an amulet of magic regeneration
 r - an amulet of the acrobat
Wands
 h - a wand of quicksilver (12)
 v - a wand of flame (4)
Scrolls
 e - a scroll of teleportation
 f - 3 scrolls of blinking
 l - a scroll of acquirement
 q - a scroll of poison {unknown}
 u - 2 scrolls of enchant armour {unknown}
 w - a scroll of magic mapping {unknown}
 x - 2 scrolls of fear {unknown}
 z - a scroll of identify
Potions
 j - 3 potions of might
 k - a potion of brilliance {unknown}
 s - 3 potions of heal wounds
 t - a potion of flight
 A - a potion of attraction {unknown}
 B - 2 potions of magic {unknown}


   Skills:
 + Level 5.5 Fighting
 + Level 9.6 Long Blades
 + Level 7.1 Armour
 + Level 1.8 Dodging
 + Level 0.1 Stealth
 + Level 6.2 Shields


You had 7 spell levels left.
You didn't know any spells.
Your spell library was empty.

Dungeon Overview and Level Annotations

Branches:
Dungeon (5/15)              Sewer (visited)
 Temple: D:4-7

Altars:
Ashenzari
Dithmenos
Nemelex Xobeh
Wu Jian
Xom
The Shining One

Annotations:
D:4 Dig, 3 runed translucent doors, laros's ghost, amateur MiBe


Innate Abilities, Weirdness & Mutations

You have a pair of horns on your head.
You reflexively headbutt those who attack you in melee.


Message History

The jelly is heavily wounded.
The jelly hits you but does no damage.
You hit the jelly but do no damage.
Your hands burn!
Your headbutt misses the jelly.
The jelly is heavily wounded.
The jelly barely misses you.
You hit the jelly.
Your hands burn!
The jelly is heavily wounded.
The jelly hits you but does no damage.
You hit the jelly but do no damage.
Your hands burn!
The jelly is heavily wounded.
The jelly hits you but does no damage.
You hit the jelly but do no damage.
Your hands burn!
You headbutt the jelly!
You kill the jelly!
You slash the orc!
You kill the orc!
The orc priest calls down the wrath of Beogh upon you.
You are unaffected.
The orc priest hits you but does no damage.
You see here a +0 short sword.
You closely miss the orc priest.
You headbutt the orc priest, but do no damage.
The orc priest calls down the wrath of Beogh upon you.
Beogh smites you!
You closely miss the orc priest. The orc priest closely misses you.
You hit the orc priest but do no damage.
Your headbutt misses the orc priest.
The orc priest hits you but does no damage.
You closely miss the orc priest. Your headbutt misses the orc priest.
The orc priest calls down the wrath of Beogh upon you.
Beogh smites you!
You hit the orc priest but do no damage.
The orc priest calls down the wrath of Beogh upon you.
Beogh smites you!
* * * LOW HITPOINT WARNING * * *
You hit the orc priest. You headbutt the orc priest.
The orc priest is moderately wounded.
The orc priest invokes the aid of Beogh against you.
Beogh smites you!
You die...

#....##.# #..
.# #....##.#
#.. .#
#....##.#
#..#.
#..#.##.#
#...##########
#......
#......#.....#
#..#....
#..##.##.##.##
#.##.### #..
##.##.##.# .#
.... #..
#.o#..#..# .#
#.## ...
##@##.##.###.#
.... .#.#
#..#..#..##.#
.... #.#o
#.##.##.###.#
..... . o.
##.##.##.##.#
#...
#.....#..†..#
#..#
##########..#
# .........# #
########.# #
#.# #.#


You could see an orc priest.

Vanquished Creatures
  Sigmund (D:5)
  Duvessa (D:5)
  A water moccasin (Sewer)
  An ice beast (D:5)
  An ogre (D:5)
  2 phantoms
  2 scorpions
  A water moccasin zombie (D:4)
  A water moccasin skeleton (D:4)
  Dowan (D:5)
  A howler monkey (D:4)
  2 hounds (D:5)
  A jelly (D:5)
  2 gnoll boudas (D:5)
  2 sleepcaps
  A scorpion zombie (D:4)
  2 iguanas
  3 orc wizards (D:5)
  3 hound zombies (D:4)
  A hound skeleton (D:4)
  6 adders
  7 gnolls (D:5)
  A white imp (D:5)
  2 adder zombies (D:4)
  3 adder skeletons (D:4)
  A worm (D:3)
  2 dart slugs
  13 orcs
  5 ball pythons
  12 endoplasms
  7 giant cockroaches
  10 hobgoblins
  2 jackals (Sewer)
  6 kobolds
  3 quokkas
  2 bats
  A frilled lizard (D:2)
  6 goblins
  8 rats
127 creatures vanquished.

Notes
Turn   | Place    | Note
-------+----------+-------------------------------------------
     0 | D:1      | Peloso the Minotaur Fighter began the quest for the Orb.
     0 | D:1      | Reached XP level 1. HP: 19/19 MP: 0/0
   123 | D:1      | Reached XP level 2. HP: 27/27 MP: 1/1
   789 | D:2      | Reached XP level 3. HP: 33/33 MP: 2/2
  1213 | D:2      | Reached skill level 3 in Long Blades
  1213 | D:2      | Reached XP level 4. HP: 39/40 MP: 3/3
  1531 | D:3      | Noticed a scorpion
  1542 | D:3      | Killed a scorpion
  1631 | D:3      | Reached XP level 5. HP: 47/47 MP: 4/4
  1805 | D:3      | Found a glowing golden altar of the Shining One.
  1927 | D:3      | Identified a scroll of acquirement
  1933 | D:4      | Noticed a phantom
  2214 | D:4      | Reached skill level 4 in Long Blades
  2230 | D:4      | Identified the +7 spear of Guilt {heavy, rElec rCorr Str+2
                  | Dex-4}
  2253 | D:4      | Reached skill level 5 in Armour
  2261 | D:4      | Killed a phantom
  2262 | D:4      | Reached XP level 6. HP: 51/53 MP: 5/5
  2430 | D:4      | Reached skill level 5 in Long Blades
  2496 | D:4      | Reached skill level 5 in Shields
  2576 | D:4      | Found a runed translucent gate.
  2576 | D:4      | Found a runed translucent gate.
  2579 | D:4      | Found a runed translucent gate.
  2579 | D:4      | Noticed laros's ghost (amateur MiBe)
  2756 | D:4      | Reached skill level 6 in Long Blades
  2756 | D:4      | Reached skill level 1 in Dodging
  2756 | D:4      | Reached XP level 7. HP: 57/60 MP: 6/6
  2853 | D:4      | Found an ornate altar of the Wu Jian Council.
  2960 | D:5      | Entered Level 5 of the Dungeon
  3016 | D:5      | Noticed Sigmund
  3031 | D:5      | Killed Sigmund
  3032 | D:5      | Reached skill level 5 in Fighting
  3032 | D:5      | Reached skill level 7 in Long Blades
  3174 | D:5      | Found a shadowy altar of Dithmenos.
  3338 | D:5      | Reached skill level 8 in Long Blades
  3338 | D:5      | Reached XP level 8. HP: 68/68 MP: 7/7
  3388 | D:5      | Found a glowing drain.
  3399 | Sewer    | Entered a sewer
  3739 | D:5      | Noticed Duvessa
  3739 | D:5      | Noticed Dowan
  3748 | D:5      | Killed Duvessa
  3776 | D:5      | Killed Dowan
  3777 | D:5      | Reached skill level 9 in Long Blades
  3831 | D:5      | Found a broken altar of Ashenzari.
  3834 | D:5      | Found a sparkling altar of Nemelex Xobeh.
  3894 | D:5      | Found a shimmering altar of Xom.
  4085 | D:5      | Killed from afar by an orc priest

Illustrated notes

Levels and vault maps discovered:
D:1:      giann_horns, layout_basic
D:2:      layout_basic
D:3:      layout_basic, nicolae_tso_swordbearing_angel, interstate_on_off,
          serial_bayou_pond_c
D:4:      nicolae_cairo_tiling_large, layout_rooms, nzn_wu_jian_contemplation,
          gammafunk_ghost_nasty_kobolds, serial_undead, serial_undead_f,
          serial_undead_c, serial_undead_f, serial_undead_c, serial_undead_e,
          serial_undead_a, due_unseen_surprise
D:5:      minmay_angry_zag, layout_basic, nemelex_xobeh_ov_fountains_minmay,
          mainiacjoe_overflow_big_doors, mainiacjoe_overflow_brackets,
          portal_sewer_entry_d, uniq_duvessa, uniq_sigmund

Skill      XL: |  1  2  3  4  5  6  7  8 |
---------------+-------------------------+-----
Fighting       | 4 5 |  5.5
Shields        | 4 5 6 |  6.2
Armour         | 4 5 6 7 |  7.1
Long Blades    | 3 4 6 8 9 |  9.6
Dodging        | 1 |  1.8
Stealth        | |  0.1

Action                     |  1- 3 |  4- 6 |  7- 9 || total
---------------------------+-------+-------+-------++-------
  Melee: Long sword        |    95 |   147 |   200 ||   442
         Headbutt          |     7 |    25 |    51 ||    83
    Use: Scroll            |     2 |     3 |     2 ||     7
         Potion            |     2 |     1 |     1 ||     4
 Armour: Scale mail        |     6 |       |       ||     6
         Chain mail        |    65 |    76 |    70 ||   211
         Plate armour      |       |       |    49 ||    49
  Dodge: Dodged            |    37 |    59 |    62 ||   158
  Block: Buckler           |    25 |    43 |    43 ||   111
